 Dungeon Crawl Stone Soup version 0.31.0-9-g3a7656b989 (webtiles) character file.

Game seed: 2831866652162491057

32 qw the Shooter (level 3, 0/20 HPs)
             Began as a Deep Elf Hunter on Feb 3, 2024.
             Killed from afar by Sigmund (3 damage)
             ... with a magic dart
             ... on level 2 of the Dungeon.
             The game lasted 00:00:19 (1003 turns).

qw the Shooter (Deep Elf Hunter)                    Turns: 1003, Time: 00:00:20

Health: 0/20       AC:  6    Str: 10    XL:     3   Next: 10%
Magic:  5/5        EV:  9    Int: 13    God:
Gold:   87         SH:  0    Dex: 18    Spells: 2/2 levels left

rFire   . . .        a - +0 shortbow
rCold   . . .        (shield currently unavailable)
rNeg    . . .        d - +0 scale mail
rPois   .            (no helmet)
rElec   .            (no cloak)
rCorr   .            (no gloves)
SInv    .            (no boots)
Will    .....        (no amulet)
Stlth   +            (no ring)
HPRegen 0.23/turn    (no ring)
MPRegen 0.09/turn

%: no passive effects
@: about to teleport
A: no striking features
a: no special abilities


You were on level 2 of the Dungeon.
You visited 1 branch of the dungeon, and saw 2 of its levels.

You collected 87 gold pieces.


   Skills:
 - Level 1.5 Fighting
 + Level 6.7 Ranged Weapons
 - Level 2.4 Dodging
 - Level 1.2 Stealth


You had 2 spell levels left.
You didn't know any spells.
Your spell library was empty.

Inventory:

Hand Weapons
 a - a +0 shortbow (weapon)
Armour
 d - a +0 scale mail (worn)
Scrolls
 h - a scroll of blinking {unknown}
Potions
 g - a potion of heal wounds

Dungeon Overview and Level Annotations

Branches:
Dungeon (2/15)

Altars:

Annotations:
D:2 Sigmund


Message History

You shoot an arrow. Something hits you but does no damage.
You shoot an arrow. Something hits you.
You shoot an arrow. Something hits you but does no damage.
A ribbon worm comes into view.
You shoot an arrow.
The arrow barely misses the ribbon worm.
You shoot an arrow. The arrow hits the ribbon worm!
The ribbon worm is heavily wounded.
Sigmund appears from thin air!
Reactivating autopickup.
Sigmund casts a spell.
Sigmund flickers and vanishes!
Deactivating autopickup; reactivate with Ctrl-A.
You shoot an arrow. The arrow hits the ribbon worm.
The ribbon worm is heavily wounded.
You hear some strange, mumbled words.
You are confused.
1000 ||| DRINKING potion of curing.
You feel better.
1000 ||| (to cure confusion)
Something hits you.
You shoot an arrow. The arrow hits the ribbon worm.
The ribbon worm is heavily wounded.
You feel less wooden.
Your +0 scale mail unmelds from your body.
Something hits you!
You shoot an arrow.
The arrow barely misses the ribbon worm.
You hear some strange, mumbled words.
A puff of flame appears from out of thin air!
The puff of flame hits you.
1003 ||| READING scroll of teleportation.
As you read the scroll of teleportation, it crumbles to dust.
You feel strangely unstable.
You hear some strange, mumbled words.
A magic dart appears from out of thin air!
The magic dart hits you.
You die...

..........##.....#...#
.........)..............
#.......#%##############
...............#
.....8.........#
...............#
.......##.#.....#
...>......#.###.#
......w@..#.# .
!.....{##.#.# .....8.
.... ....... ..###
....#.. ..# ...##..##.#
... ... .# .. #..


You could see a ribbon worm.

Vanquished Creatures
  A dart slug (D:1)
  6 endoplasms
  2 goblins
  5 hobgoblins
  5 kobolds
  A quokka (D:2)
  2 ball pythons
  2 bats
  A frilled lizard (D:2)
  2 rats (D:1)
  A butterfly (D:1)
28 creatures vanquished.

Notes
Turn   | Place    | Note
-------+----------+-------------------------------------------
     0 | D:1      | qw the Deep Elf Hunter began the quest for the Orb.
     0 | D:1      | Reached XP level 1. HP: 12/12 MP: 3/3
     0 | D:1      | 0 ||| qw: Version: 0.3-a-155-g5e7d8dd
     0 | D:1      | 0 ||| qw: Game counter: 3001
     0 | D:1      | 0 ||| qw: Melee chars always use a shield: true
     0 | D:1      | 0 ||| qw: God list: Okawaru
     0 | D:1      | 0 ||| qw: Allow faded altars: false
     0 | D:1      | 0 ||| qw: Do Orc after clearing Dungeon:15 true
     0 | D:1      | 0 ||| qw: Do second Lair branch before Depths: true
     0 | D:1      | 0 ||| qw: Lair rune preference: random
     0 | D:1      | 0 ||| qw: Goals: Normal
     0 | D:1      | 0 ||| PLANNING D:1-11
    88 | D:1      | Reached XP level 2. HP: 14/16 MP: 4/4
   120 | D:1      | Reached skill level 6 in Ranged Weapons
   753 | D:1      | 753 ||| UPGRADING to +0 scale mail.
   763 | D:1      | 763 ||| DROPPING +0 leather armour.
   764 | D:1      | 764 ||| READING 2 scrolls labelled LEQUERGH FIDGHE.
   769 | D:1      | 769 ||| READING scroll labelled CAERAI UMAER.
   769 | D:1      | 769 ||| IDENTIFYING ruby potion
   770 | D:1      | 770 ||| DROPPING scroll of butterflies.
   927 | D:2      | Reached XP level 3. HP: 20/20 MP: 5/5
   931 | D:2      | Noticed Sigmund
   932 | D:2      | 932 ||| FLEEEEING.
   933 | D:2      | 933 ||| FLEEEEING.
   968 | D:2      | 968 ||| DRINKING fuming orange potion.
   969 | D:2      | 969 ||| DRINKING dark potion.
   970 | D:2      | 970 ||| DRINKING 2 coppery potions.
  1000 | D:2      | 1000 ||| DRINKING potion of curing.
  1000 | D:2      | 1000 ||| (to cure confusion)
  1002 | D:2      | HP: 2/20 [something/puff of flame (5)]
  1003 | D:2      | 1003 ||| READING scroll of teleportation.
  1003 | D:2      | Killed from afar by Sigmund

Levels and vault maps discovered:
D:1:      spicycebolla_arrival_clurvy, layout_basic, minmay_indecisive_spiral
D:2:      layout_basic, nicolae_ecumenical_pavilion, basic_altar, st_stairs_1,
          interstate_on_off, uniq_sigmund

Skill      XL: |  1  2 |
---------------+-------+-----
Ranged Weapons | 6 |  6.7
Fighting       | |  1.5
Dodging        | |  2.4
Stealth        | |  1.2

Action                     || total
---------------------------++-------
   Fire: Shortbow          ||    93
    Use: Scroll            ||     3
         Potion            ||     4
 Armour: Leather armour    ||     7
         Scale mail        ||    13
         Skin              ||    20
  Dodge: Dodged            ||     8

Table legend:
 A = Non-vault XP
 B = Vault XP
 C = Vault XP percentage of total XP
 D = Non-vault monster count
 E = Vault monster count
 F = Vault count percentage of total count
                 A         B        C        D         E       F
            +---------+---------+-------+---------+---------+-------
      Total |      38 |       9 |  19.1 |      22 |       5 |  18.5
            +---------+---------+-------+---------+---------+-------
        D:1 |      20 |       8 |  28.6 |      12 |       4 |  25.0
        D:2 |      18 |       1 |   5.3 |      10 |       1 |   9.1
            +---------+---------+-------+---------+---------+-------
